Map: Disco Bloodbath LE

Players

thermostaat (uThermal) - Winner!

  • Race: Terran Terran
  • Spawn Location: 9:00

HeroMarine

  • Race: Terran Terran
  • Spawn Location: 3:00

Event: NationWars 2019

VOD

Have the link to the VOD?

Description

Time

  • Played on: Oct. 11, 2019, 3:07 p.m.
  • Length: 18:43
Show
View Real Time Build Order
Export as new Build Order

thermostaat Terran - Winner!

Build Orders: 1/1/1, Liberator Opening 

Get SALT Encoding   

  12  0:01  SCV  
  13  0:13  SCV  
  14  0:17  Supply Depot  
  14  0:25  SCV  
  14  0:27  Refinery  
  15  0:38  SCV  
  16  0:43  Barracks  
  16  0:50  SCV  
  16  0:53  Refinery  
  17  1:03  SCV  
  18  1:15  SCV  
  19  1:30  Orbital Command, Reaper  
  20  1:34  Factory  
  20  1:42  Supply Depot  
  20  1:56  SCV  
  21  2:02  Reaper  
  23  2:08  SCV  
  23  2:17  Hellion  
  23  2:20  SCV, Starport  
  26  2:22  Supply Depot  
  26  2:32  SCV  
  26  2:35  Reaper  
  28  2:39  Liberator, Hellion  
  30  2:49  Supply Depot  
  33  3:00  Hellion  
  35  3:07  Reaper  
  36  3:16  Command Center  
  36  3:22  Hellion  
  36  3:23  SCV  
  39  3:35  SCV  
  39  3:39  Barracks Reactor  
  39  3:41  Starport Tech Lab, Refinery  
  40  3:43  Factory Tech Lab  
  40  3:47  SCV  
  41  3:59  SCV  
  42  4:04  Raven  
  44  4:11  SCV  
  35  4:19  Cyclone, Marine x2  
  35  4:23  SCV  
  39  4:27  Orbital Command  
  39  4:35  SCV  
  39  4:37  Marine x2  
  42  4:47  Raven, SCV  
  42  4:49  Command Center  
  45  4:53  SCV  
  45  4:56  Marine  
  45  4:57  Marine  
  49  5:00  SCV  
  49  5:02  Siege Tank  
  52  5:08  Refinery  
  52  5:09  SCV  
  52  5:12  SCV  
  52  5:14  Marine  
  51  5:23  SCV  
  51  5:24  SCV  
  54  5:34  Siege Tank  
  57  5:35  SCV  
  57  5:36  SCV  
  57  5:41  Supply Depot  
  58  5:44  Viking x2  
  62  6:00  Marine  
  62  6:01  Orbital Command, SCV x2  
  65  6:05  Supply Depot  
  65  6:07  Siege Tank  
  68  6:13  SCV x2  
  68  6:14  Viking  
  68  6:15  Viking  
  74  6:25  SCV  
  74  6:28  Armory x2  
  74  6:29  SCV  
  75  6:36  Orbital Command  
  75  6:37  SCV  
  75  6:39  Siege Tank  
  79  6:41  SCV  
  78  6:47  Viking  
  78  6:48  Viking  
  78  6:49  SCV  
  78  6:53  SCV  
  81  7:01  SCV  
  81  7:03  Supply Depot  
  81  7:05  SCV x2  
  84  7:11  Siege Tank  
  84  7:13  SCV  
  84  7:14  Supply Depot, Refinery  
  88  7:17  SCV, Viking, Refinery  
  88  7:18  SCV  
  92  7:24  Supply Depot  
  92  7:25  SCV, Viking  
  92  7:28  Terran Vehicle Weapons Level 1  
  92  7:29  SCV  
  96  7:30  SCV  
  96  7:33  Terran Vehicle And Ship Armor Level 1  
  96  7:34  Engineering Bay  
  97  7:37  SCV  
  97  7:41  SCV  
  97  7:42  SCV  
  97  7:43  Siege Tank  
  102  7:47  Viking  
  102  7:49  SCV  
  105  7:53  SCV  
  105  7:54  SCV  
  105  7:55  Viking  
  109  8:02  SCV  
  109  8:05  SCV  
  108  8:06  SCV, Sensor Tower  
  108  8:14  SCV  
  108  8:15  Factory  
  108  8:17  Viking, SCV, Factory  
  108  8:18  SCV  
  113  8:26  SCV  
  110  8:29  SCV  
  110  8:30  SCV  
  112  8:35  Viking  
  112  8:38  SCV  
  115  8:41  SCV  
  115  8:44  Siege Tank  
  115  8:48  SCV  
  114  8:50  SCV  
  114  8:54  SCV  
  109  8:56  Viking  
  109  9:00  SCV  
  109  9:02  SCV, Siege Tank  
  111  9:03  Barracks Reactor  
  111  9:04  Refinery  
  111  9:06  SCV  
  112  9:12  SCV  
  112  9:14  SCV  
  112  9:15  Supply Depot  
  112  9:16  Siege Tank, Supply Depot  
  117  9:20  Missile Turret  
  117  9:30  Terran Vehicle Weapons Level 2  
  117  9:35  Missile Turret  
  117  9:37  SCV  
  120  9:39  Missile Turret, Supply Depot  
  120  9:40  Terran Vehicle And Ship Armor Level 2  
  120  9:43  Siege Tank  
  121  9:50  Hellion x2  
  121  9:51  Siege Tank  
  128  9:54  Supply Depot  
  128  9:59  Command Center  
  128  10:08  Supply Depot  
  128  10:09  Factory  
  128  10:10  Liberator, Factory  
  128  10:13  Missile Turret x2  
  128  10:14  Missile Turret  
  128  10:15  Missile Turret, Hellion  
  128  10:17  Siege Tank  
  133  10:21  Infernal Pre-Igniter  
  133  10:24  Hellion  
  138  10:33  Liberator  
  138  10:34  Hellion  
  140  10:36  Hellion  
  142  10:43  Smart Servos  
  142  10:45  Hellion  
  142  10:46  Supply Depot  
  142  10:49  Supply Depot, Siege Tank  
  147  10:54  Factory Tech Lab, Supply Depot  
  147  10:55  Factory Reactor, Hellion  
  152  10:58  Hellion  
  154  11:07  Hellion  
  156  11:16  Siege Tank  
  156  11:17  Command Center  
  159  11:19  Hellion  
  162  11:29  Siege Tank  
  162  11:31  SCV  
  160  11:33  SCV  
  160  11:37  Viking  
  160  11:38  Viking  
  162  11:40  Planetary Fortress  
  162  11:41  SCV  
  162  11:43  Hellion  
  162  11:45  Refinery  
  162  11:46  Hellion  
  167  11:47  Refinery  
  161  11:55  Thor  
  161  12:00  Terran Vehicle Weapons Level 3  
  165  12:03  SCV  
  165  12:06  Missile Turret, Supply Depot  
  166  12:11  Thor  
  154  12:19  Thor  
  154  12:21  Viking  
  154  12:23  Hellion x2  
  154  12:28  Orbital Command  
  151  12:34  SCV x2  
  151  12:36  Missile Turret  
  153  12:38  Thor  
  153  12:40  Viking  
  153  12:42  Hellion  
  163  12:49  Hellion x3  
  163  12:51  Viking  
  169  12:54  Terran Vehicle And Ship Armor Level 3, Hellion  
  173  13:02  Thor  
  179  13:08  Hellion  
  179  13:10  Viking  
  183  13:14  Hellion x2  
  187  13:21  Viking  
  187  13:22  Command Center  
  187  13:23  Missile Turret  
  187  13:26  Missile Turret  
  189  13:27  Thor  
  192  13:36  Hellion x2  
  192  13:37  Hellion  
  192  13:40  Viking  
  200  13:48  Command Center  
  196  14:10  Thor  
  196  14:15  Thor x2  
  196  14:16  Viking  
  197  14:18  Hellion  
  197  14:20  Viking  
  197  14:22  Hellion x2  
  190  14:25  Hellion  
  192  14:43  Hellion  
  191  14:46  Viking  
  191  14:50  Hellion x2  
  191  14:51  Medivac  
  195  15:04  Thor  
  195  15:05  Hellion  
  196  15:07  Hellion  
  198  15:16  Viking  
  200  15:24  Terran Ship Weapons Level 1  
  200  15:34  Hellion  
  193  15:42  Viking  
  193  15:44  Hellion x2  
  193  15:45  Hellion  
  193  15:46  Viking  
  160  15:50  Thor x2  
  160  15:51  Siege Tank  
  160  15:55  SCV  
  160  15:56  Hellion  
  175  16:05  Hellion  
  175  16:06  Hellion x2  
  175  16:08  Planetary Fortress  
  175  16:09  Refinery  
  181  16:12  Viking  
  181  16:16  Viking  
  185  16:18  Refinery  
  185  16:23  Siege Tank  
  188  16:33  Thor  
  188  16:35  Thor  
  188  16:37  Hellion  
  188  16:38  Hellion  
  199  16:53  Viking  
  199  17:13  Starport  
  198  17:16  Starport x2  
  198  17:20  Viking  
  197  17:33  Missile Turret, Command Center x2  
  197  17:35  Missile Turret  
  197  17:36  Viking  
  199  17:46  Missile Turret  
  199  17:58  Thor x2  
  189  18:00  Viking  
  189  18:04  Viking  
  174  18:10  Hellion x2  
  161  18:14  Hellion  
Show
View Real Time Build Order
Export as new Build Order

HeroMarine Terran 

Build Orders: Gas First Reaper Expand, Hellion Opening 

Get SALT Encoding   

  12  0:00  SCV  
  13  0:13  SCV  
  14  0:17  Supply Depot  
  14  0:25  SCV  
  14  0:27  Refinery  
  15  0:38  SCV  
  16  0:44  Barracks  
  16  0:50  SCV  
  17  1:03  SCV  
  18  1:15  SCV  
  19  1:32  Orbital Command, Reaper  
  20  1:44  Command Center  
  20  1:55  Factory  
  20  1:58  SCV  
  21  2:06  Barracks Reactor  
  21  2:10  SCV  
  21  2:13  Supply Depot  
  22  2:23  SCV  
  23  2:33  Refinery  
  23  2:35  SCV  
  24  2:43  Starport  
  24  2:46  Hellion  
  24  2:47  SCV, Hellion  
  29  2:54  Barracks Tech Lab  
  29  2:59  SCV  
  29  3:01  Orbital Command  
  30  3:08  Hellion  
  33  3:13  Hellion  
  33  3:15  SCV  
  34  3:22  Viking  
  36  3:29  Hellion  
  40  3:34  Hellion  
  40  3:39  SCV, Supply Depot  
  40  3:41  SCV  
  42  3:51  SCV  
  42  3:53  SCV  
  42  3:54  Hellion  
  45  4:01  Hellion, Barracks Tech Lab  
  47  4:03  SCV  
  47  4:04  Raven  
  47  4:05  SCV  
  51  4:15  SCV  
  50  4:17  SCV  
  51  4:27  SCV  
  51  4:29  SCV  
  53  4:40  SCV  
  53  4:42  Supply Depot  
  54  4:55  Refinery  
  54  5:04  Raven, Supply Depot, SCV, Marine x2, Cyclone  
  54  5:05  Supply Depot  
  62  5:12  SCV  
  59  5:16  SCV  
  58  5:21  Marine x2  
  58  5:24  SCV  
  58  5:26  Command Center  
  58  5:28  SCV  
  62  5:34  Supply Depot  
  62  5:36  SCV, Siege Tank  
  62  5:40  SCV  
  69  5:48  SCV  
  69  5:49  Refinery  
  68  5:52  SCV  
  69  5:57  Viking  
  69  5:58  Stimpack, Viking, Marine  
  69  6:00  SCV  
  75  6:04  SCV  
  75  6:09  Barracks  
  75  6:10  Barracks  
  76  6:12  SCV  
  76  6:15  Siege Tank  
  76  6:16  SCV, Marine  
  82  6:19  Engineering Bay x2  
  82  6:24  SCV  
  81  6:27  Viking  
  81  6:28  SCV  
  81  6:32  Viking  
  86  6:37  SCV, Marine  
  86  6:38  Orbital Command  
  88  6:41  SCV  
  89  6:47  Siege Tank  
  89  6:49  SCV  
  89  6:53  SCV  
  94  6:55  Marine  
  94  6:58  Barracks Reactor x2  
  94  7:00  Barracks  
  93  7:02  Orbital Command, Viking  
  93  7:03  Barracks, SCV  
  93  7:05  Viking  
  98  7:11  SCV  
  98  7:13  Marine  
  98  7:15  SCV  
  101  7:17  Supply Depot  
  101  7:23  SCV, Siege Tank  
  101  7:27  SCV, Supply Depot  
  101  7:28  Supply Depot  
  106  7:31  Refinery, Marine  
  106  7:32  SCV, Refinery  
  106  7:35  SCV  
  109  7:39  SCV, Marine x3  
  109  7:43  Supply Depot  
  114  7:44  SCV  
  114  7:47  SCV  
  114  7:51  SCV  
  114  7:55  Marine  
  114  7:56  Barracks Reactor x2, SCV  
  114  7:57  Marine x4  
  120  7:59  SCV  
  120  8:03  SCV  
  121  8:07  Barracks Tech Lab x2  
  121  8:08  SCV  
  121  8:12  SCV  
  123  8:15  SCV  
  123  8:16  Marauder  
  123  8:18  Marine x2  
  123  8:19  Marine  
  128  8:20  SCV, Marine  
  128  8:21  Siege Tank  
  128  8:24  SCV  
  129  8:27  SCV  
  129  8:32  SCV  
  120  8:35  Marine x2  
  120  8:36  SCV  
  120  8:38  Marine x2  
  120  8:39  Marauder  
  120  8:40  SCV  
  126  8:44  SCV, Marine x2  
  126  8:53  Marauder x2  
  120  8:56  Marine x2  
  120  8:57  Medivac x2  
  120  9:01  Marauder  
  120  9:02  Marine  
  126  9:03  Terran Infantry Weapons Level 1  
  126  9:05  Terran Infantry Armor Level 1  
  126  9:08  Command Center  
  126  9:13  Supply Depot  
  126  9:14  Supply Depot, Marauder x2  
  130  9:18  Marine x2  
  130  9:22  Marauder  
  131  9:25  Starport  
  131  9:26  Starport  
  131  9:30  Medivac x2  
  135  9:32  Factory Reactor, Marine x2  
  135  9:36  Marauder x2  
  135  9:37  SCV x3  
  144  9:43  Marauder  
  146  9:48  Marine x2  
  146  9:52  SCV x2  
  150  9:53  SCV  
  150  9:57  Marauder x2  
  155  10:00  Viking  
  157  10:07  Supply Depot  
  157  10:08  Supply Depot  
  157  10:10  Viking x2, Marauder  
  157  10:13  Armory  
  163  10:18  Viking, Sensor Tower  
  163  10:19  Viking  
  163  10:20  Marauder x2  
  171  10:24  Planetary Fortress  
  171  10:27  Combat Shield  
  171  10:30  Concussive Shells  
  171  10:32  Marauder, Marine x4  
  171  10:34  Refinery  
  171  10:35  Refinery  
  181  10:42  Viking  
  181  10:43  Viking x2  
  185  10:52  Viking x2  
  185  10:54  Supply Depot  
  185  10:59  Barracks  
  185  11:02  Barracks  
  185  11:04  Terran Infantry Weapons Level 2, Terran Ship Weapons Level 1  
  185  11:09  Command Center  
  185  11:12  Viking, Marauder x2  
  185  11:14  Marauder, Marine x2  
  185  11:17  Viking  
  197  11:19  Viking  
  197  11:27  SCV x3  
  197  11:32  Barracks  
  199  11:42  Terran Infantry Armor Level 2  
  199  11:48  Armory  
  196  11:55  Viking x2  
  196  11:57  Barracks Reactor, Barracks Tech Lab  
  200  12:08  Command Center  
  187  12:16  Marauder  
  187  12:18  Viking x3  
  187  12:19  Marauder  
  187  12:20  Marauder  
  187  12:21  Marine x3  
  187  12:22  Marauder  
  176  12:25  Viking x2  
  180  12:30  Barracks Tech Lab  
  180  12:38  Fusion Core  
  180  12:39  Liberator  
  180  12:42  Liberator  
  180  12:43  Liberator x2  
  180  12:47  Marauder x3  
  180  12:48  Viking  
  180  12:49  Refinery  
  194  12:51  Terran Vehicle And Ship Armor Level 1, Refinery  
  194  12:55  Missile Turret  
  200  13:06  Planetary Fortress  
  200  13:08  Command Center  
  200  13:11  Missile Turret  
  199  13:26  Orbital Command  
  199  13:27  Command Center  
  199  13:32  Marauder x2  
  199  13:33  Marauder  
  197  13:37  Terran Infantry Weapons Level 3  
  197  13:50  Advanced Ballistics  
  197  13:54  Terran Ship Weapons Level 2  
  197  13:58  Marauder  
  197  14:02  Liberator x5  
  199  14:09  Marauder  
  195  14:16  Marauder x2  
  154  14:18  Marauder, Marine x4  
  154  14:22  Marauder, Marine x2  
  140  14:25  Orbital Command  
  140  14:30  Marauder  
  140  14:31  Orbital Command  
  140  14:36  Marine x3  
  140  14:37  Marauder x2, Marine  
  148  14:40  Marauder  
  148  14:43  Marauder, Marine x2  
  148  14:45  Liberator x5  
  151  14:52  Marauder  
  135  14:55  Marine x2  
  135  14:56  Marine  
  135  14:58  Marauder x2  
  141  15:02  Marauder  
  146  15:08  Marauder  
  146  15:13  Marauder  
  150  15:22  Marauder  
  150  15:27  Liberator  
  150  15:28  Liberator  
  144  15:45  Viking x3, Marauder, Marine  
  144  15:46  Marine  
  132  15:52  Marauder  
  132  15:54  Marine  
  132  15:56  Marine  
  136  15:59  Marine  
  137  16:05  Marauder  
  139  16:21  Marauder x2  
  139  16:24  Marauder, Medivac  
  147  16:26  Medivac  
  147  16:30  Marauder  
  151  16:33  Marine  
  151  16:37  Marauder  
  151  16:44  Marauder x2  
  155  16:48  Marauder  
  155  16:53  Medivac  
  159  16:57  Medivac  
  165  17:10  Liberator  
  165  17:11  Medivac x2  
  165  17:13  Viking  
  164  17:23  Viking, Marauder  
  171  17:43  Marauder  
  180  17:57  Marine  
  167  18:01  Marine  
  167  18:04  Marine  
  131  18:07  Marine  
  115  18:17  Marauder x2  
  115  18:19  Marauder x2, Marine x2  
  117  18:20  Marauder  
  117  18:21  Marine  
  117  18:23  Marine  
Tags
 
Add a new tag
Caveats
  • Supply blocks, unpowered buildings, or Contaminate may cause inaccurate times.
  • Supply counts are checked every 10 seconds.